 Dungeon Crawl Stone Soup version 0.22-a0-469-gf26638a (webtiles) character file.

15912 Gildeon the Cleaver (level 12, -1/106 HPs)
             Began as a Minotaur Fighter on June 12, 2018.
             Was a High Priest of Okawaru.
             Slain by a spiny frog (5 damage)
             ... on level 2 of the Lair of Beasts.
             The game lasted 01:00:03 (12762 turns).

Gildeon the Cleaver (Minotaur Fighter)             Turns: 12762, Time: 01:00:03

Health: -1/106     AC: 15    Str: 27    XL:     12   Next: 5%
Magic:  13/13      EV:  2    Int: 10    God:    Okawaru [*****.]
Gold:   710        SH:  0    Dex: 13    Spells: 11/13 levels left

rFire    + . .     SeeInvis .   a - +2 war axe
rCold    + . .     Gourm    .   (no shield)
rNeg     + + +     Faith    .   A - +0 plate armour {rC+}
rPois    ∞         Spirit   .   (helmet restricted)
rElec    +         Reflect  .   s - -5 cloak of Lies {rF+ rN+ Int+2 Dex-2} (curse)
rCorr    +         Harm     .   b - +0 pair of gloves "Kucum" {rElec Str+4}
MR       .....                  m - +2 pair of boots
Stlth    ..........             h - amulet of rage
HPRegen  0.27/turn              u - +5 ring of dexterity
MPRegen  0.13/turn              d - ring of resist corrosion

@: petrified, berserk cooldown
A: retaliatory headbutt, horns 2
a: Heroism, Finesse, Renounce Religion, Evoke Berserk Rage


You were on level 2 of the Lair of Beasts.
You worshipped Okawaru.
Okawaru was extremely pleased with you.
You were not hungry.

You visited 3 branches of the dungeon, and saw 13 of its levels.
You also visited: Bailey.

You collected 919 gold pieces.
You spent 209 gold pieces at shops.

Inventory:

Hand Weapons
 a - a +2 war axe (weapon)
 n - a +2 mace of protection
 w - a +1 hand axe of venom
 C - a +3 war axe
Armour
 b - the +0 pair of gloves "Kucum" (worn) {rElec Str+4}
   (Okawaru gifted it to you on level 10 of the Dungeon)

   It affects your strength (+4).
   It insulates you from electricity.
 c - a +2 cloak
 m - a +2 pair of boots (worn)
 s - the cursed -5 cloak of Lies (worn) {rF+ rN+ Int+2 Dex-2}
   (You bought it in a shop on level 6 of the Dungeon)

   It affects your intelligence (+2).
   It affects your dexterity (-2).
   It protects you from fire.
   It protects you from negative energy.
   It has a curse placed upon it.
 A - a +0 plate armour of cold resistance (worn)
Jewellery
 d - a ring of resist corrosion (right hand)
 h - an amulet of rage (around neck)
 u - a +5 ring of dexterity (left hand)
Wands
 j - a wand of iceblast (15)
 t - a wand of flame (21)
 y - a wand of paralysis (30)
Scrolls
 k - 5 scrolls of teleportation
 l - a scroll of magic mapping
Potions
 g - 3 potions of flight
 i - 5 potions of curing
 r - a potion of ambrosia
Comestibles
 f - 23 rations


   Skills:
 - Level 10.0 Fighting
 * Level 14.4 Axes
 - Level 10.0 Armour
 + Level 9.6 Dodging
   Level 3.6 Shields
 + Level 1.0 Spellcasting
 + Level 1.0 Hexes
 + Level 2.1 Transmutations
 + Level 3.0 Invocations
 - Level 3.0 Evocations


You had 11 spell levels left.
You knew the following spells:

 Your Spells              Type           Power        Failure   Level  Hunger
a - Confusing Touch       Hex            #.....       89%         1    ##.....
b - Beastly Appendage     Tmut           #.....       77%         1    ##.....

Your spell library contained the following spells:

 Spells                   Type           Power        Failure   Level  Hunger
 Fireball                 Conj/Fire      #.........   100%        5    ######.
 Apportation              Tloc           #.....       96%         1    ##.....
 Conjure Flame            Conj/Fire      #.......     100%        3    ####...
 Throw Flame              Conj/Fire      #.....       99%         2    ###....
 Summon Small Mammal      Summ           #...         96%         1    ##.....
 Animate Skeleton         Necr           N/A          96%         1    ##.....
 Sticky Flame             Conj/Fire      #.......     100%        4    #####..
 Spider Form              Tmut/Pois      #.........   99%         3    ####...
 Blade Hands              Tmut           #.........   100%        5    ######.
 Ice Form                 Ice/Tmut       #.......     100%        4    #####..
 Flame Tongue             Conj/Fire      #....        96%         1    ##.....
 Sticks to Snakes         Tmut           #.......     88%         2    ###....
 Inner Flame              Hex/Fire       #.......     100%        3    ####...


Dungeon Overview and Level Annotations

Branches:
Dungeon (10/15)            Temple (1/1) D:5            Lair (2/6) D:10
  Snake (0/4) Lair:2
  Swamp: Lair:2-4    Shoals: Lair:2-4       Orc: D:9-12

Altars:
Ashenzari
Cheibriados
Dithmenos
Elyvilon
Fedhas
Gozag
Hepliaklqana
Kikubaaqudgha
Makhleb
Nemelex Xobeh
Okawaru
Qazlal
Ru
Sif Muna
Trog
Uskayaw
Vehumet
Wu Jian
Xom
Yredelemnul
Zin
The Shining One

Shops:
D:6 }*(*}   D:8 [

Annotations:
Lair:2 Sonja


Innate Abilities, Weirdness & Mutations

You reflexively headbutt those who attack you in melee.
You have a pair of horns on your head.


Message History

You assume a fearsome visage.
Sonja looks frightened!
The catoblepas looks frightened!
Sonja gestures wildly while chanting.
Sonja blinks!
Sonja mumbles some strange words.
Sonja looks slightly unstable.
You have turned to stone.
The spiny frog stings you but does no damage. x2
Sonja disappears!
The catoblepas seems to regain its courage.
The spiny frog stings you!
* * * LOW HITPOINT WARNING * * *
The spiny frog barely misses you.
The catoblepas breathes a plume of calcifying dust at you.
The blast of calcifying dust hits the spiny frog.
The blast of calcifying dust hits you!
* * * LOW HITPOINT WARNING * * *
You are engulfed in calcifying dust.
The spiny frog is engulfed in calcifying dust.
The spiny frog is moving more slowly.
The spiny frog stings you!
You die...

#..................#
.....K$............#
..................P#
...........<....Y...
....................
.P..Y.................
..........#K#§..P.....
%......#.###F..##....
%..########@#..##....
... #...(......>#
#...#.##....#.#
#..###........#. #.#
##......... #.
#.####.... # ♣.P.♣
#... #♣ ♣..≈♣♣#
#≈♣♣♣.♣♣≈≈# .


You could see a spiny frog (petrifying).

Vanquished Creatures
  Erolcha (D:9)
  A hydra (Lair:1)
  A two-headed ogre (D:10)
  An ugly thing (D:10)
  An oklob plant (Lair:1)
  A manticore (D:10)
  3 elephants
  A black mamba (Lair:1)
  2 spiny frogs
  2 komodo dragons
  3 hippogriffs
  7 blink frogs (Lair:1)
  A shadow (D:7)
  12 yaks
  A human (D:7)
  4 hogs (D:7)
  2 hungry ghosts
  2 nagas (Lair:2)
  2 water moccasins
  An acid dragon (D:8)
  A porcupine (Lair:2)
  5 orc warriors
  5 ice beasts
  3 ogres
  2 sky beasts
  3 phantoms
  3 centaurs
  6 crocodiles
  13 bullfrogs
  4 wights (D:7)
  6 crimson imps
  3 bullfrog zombies
  3 centaur zombies
  3 hounds
  10 jellies
  An orc priest (D:7)
  5 orc wizards
  An iguana (D:4)
  8 worker ants
  2 killer bee zombies (D:8)
  2 worker ant zombies
  A gnoll (D:5)
  21 adders
  A howler monkey skeleton (D:5)
  2 shadow imps
  17 oozes
  An adder zombie (D:7)
  3 worms
  4 leopard geckos
  25 orcs
  4 giant cockroaches
  10 goblins
  7 hobgoblins
  13 jackals
  20 kobolds
  4 quokkas
  2 ball pythons
  11 bats
  5 frilled lizards
  A giant cockroach zombie (D:5)
  A jackal zombie (D:5)
  A leopard gecko skeleton (D:4)
  A quokka skeleton (D:5)
  A quokka zombie (D:6)
  8 rats
  A plant (D:10)
303 creatures vanquished.

Vanquished Creatures (others)
  3 fungi (Lair:1)
  2 plants (D:10)
5 creatures vanquished.

Grand Total: 308 creatures vanquished

Notes
Turn   | Place    | Note
-------+----------+-------------------------------------------
     0 | D:1      | Gildeon the Minotaur Fighter began the quest for the Orb.
     0 | D:1      | Reached XP level 1. HP: 19/19 MP: 0/0
   292 | D:1      | Reached XP level 2. HP: 27/27 MP: 1/1
   301 | D:1      | Reached skill level 3 in Axes
   434 | D:1      | Reached skill level 1 in Dodging
   639 | D:1      | Reached XP level 3. HP: 33/33 MP: 2/2
  1155 | D:2      | Reached XP level 4. HP: 40/40 MP: 3/3
  1358 | D:2      | Reached skill level 4 in Axes
  1668 | D:3      | Reached XP level 5. HP: 41/47 MP: 4/4
  1724 | D:3      | Found a faded altar of an unknown god.
  2157 | D:3      | Reached skill level 5 in Axes
  2225 | D:3      | Reached XP level 6. HP: 48/53 MP: 5/5
  2431 | D:3      | Reached skill level 1 in Evocations
  2454 | D:3      | Found an opulent altar of Gozag.
  2525 | D:4      | Found a sacrificial altar of Ru.
  2720 | D:4      | Reached skill level 5 in Armour
  2848 | D:4      | Found an ornate altar of the Wu Jian Council.
  2852 | D:4      | Found a hazy altar of Hepliaklqana.
  2852 | D:4      | Found a snail-covered altar of Cheibriados.
  2865 | D:4      | Found a shadowy altar of Dithmenos.
  2869 | D:4      | Found a white marble altar of Elyvilon.
  2929 | D:4      | Reached skill level 5 in Fighting
  3494 | D:5      | Entered Level 5 of the Dungeon
  3501 | D:5      | Learned a level 1 spell: Confusing Touch
  3560 | D:5      | Noticed a sky beast
  3566 | D:5      | Killed a sky beast
  3566 | D:5      | Reached skill level 6 in Axes
  3566 | D:5      | Reached XP level 7. HP: 61/61 MP: 6/6
  3637 | D:5      | Reached skill level 7 in Axes
  3844 | D:5      | Found a staircase to the Ecumenical Temple.
  3850 | Temple   | Entered the Ecumenical Temple
  3981 | Temple   | Became a worshipper of Warmaster Okawaru
  4732 | D:6      | Found Lisattuu's Gadget Emporium.
  4768 | D:6      | Found Buir's General Store.
  4808 | D:6      | Reached skill level 1 in Spellcasting
  4808 | D:6      | Reached skill level 1 in Hexes
  4868 | D:6      | Reached * piety under Okawaru
  4868 | D:6      | Reached skill level 8 in Axes
  4868 | D:6      | Reached XP level 8. HP: 34/68 MP: 8/8
  5046 | D:6      | Found Lisa's Assorted Antiques.
  5061 | D:6      | Bought a polished cloak for 209 gold pieces
  5071 | D:6      | Identified the cursed -5 cloak of Lies {rF+ rN+ Int+2 Dex-2} (You bought it in a shop on level 6 of the Dungeon)
  5102 | D:6      | Found Paepp's Weapon Shop.
  5229 | D:6      | Found Nuofuupt's Gadget Shoppe.
  5505 | D:7      | Reached skill level 5 in Dodging
  5579 | D:7      | Reached skill level 9 in Axes
  5580 | D:7      | Reached skill level 1 in Invocations
  5591 | D:7      | Reached ** piety under Okawaru
  5615 | D:7      | Reached XP level 9. HP: 26/75 MP: 9/9
  5807 | D:7      | Reached skill level 10 in Axes
  6300 | D:7      | Reached *** piety under Okawaru
  6702 | D:8      | Found Zisayjats's Armour Shop.
  6746 | D:8      | Reached skill level 11 in Axes
  6897 | D:8      | Reached **** piety under Okawaru
  7101 | D:8      | Reached XP level 10. HP: 85/86 MP: 10/10
  7333 | D:8      | You fall through a shaft for 2 floors!
  7333 | D:10     | Entered Level 10 of the Dungeon
  7455 | D:10     | Found a flagged portal.
  7461 | Bailey   | Entered a bailey
  7602 | Bailey   | Found an iron altar of Okawaru.
  7838 | D:10     | Learned a level 1 spell: Beastly Appendage
  7844 | D:10     | Noticed a green ugly thing
  7855 | D:10     | Killed a green ugly thing
  7928 | D:10     | Found a staircase to the Lair.
  7933 | D:10     | Noticed a manticore
  7951 | D:10     | Killed a manticore
  7951 | D:10     | Reached ***** piety under Okawaru
  7951 | D:10     | Reached skill level 12 in Axes
  7951 | D:10     | Reached skill level 1 in Transmutations
  8502 | D:10     | Found a shattered altar of Ashenzari.
  8569 | D:10     | Noticed a two-headed ogre
  8579 | D:10     | Killed a two-headed ogre
  8579 | D:10     | Received a gift from Okawaru
  8625 | D:10     | Got a pair of jewelled gloves {god gift}
  8631 | D:10     | Identified the +0 pair of gloves "Kucum" {rElec Str+4} (Okawaru gifted it to you on level 10 of the Dungeon)
  8949 | D:9      | Noticed Erolcha
  8960 | D:9      | Killed Erolcha
  8960 | D:9      | Reached XP level 11. HP: 93/95 MP: 12/12
  9503 | Lair:1   | Entered Level 1 of the Lair of Beasts
  9557 | Lair:1   | Reached skill level 13 in Axes
 10114 | Lair:1   | Noticed a seven-headed hydra
 10124 | Lair:1   | Killed a seven-headed hydra
 11965 | Lair:1   | Noticed an oklob plant
 12013 | Lair:1   | Reached skill level 14 in Axes
 12036 | Lair:1   | Killed an oklob plant
 12335 | Lair:2   | Reached skill level 10 in Armour
 12379 | Lair:2   | Reached XP level 12. HP: 87/106 MP: 13/13
 12394 | Lair:2   | Found a staircase to the Snake Pit.
 12407 | Lair:2   | Reached skill level 10 in Fighting
 12727 | Lair:2   | Noticed a catoblepas
 12727 | Lair:2   | Noticed Sonja
 12760 | Lair:2   | HP: 4/106 [spiny frog (8)]
 12762 | Lair:2   | Slain by a spiny frog

Vault maps used:
D:1:      evilmike_arrival_run_for_it, minmay_statues_item, minmay_distorted
D:3:      lemuel_coloured_pillars_altar, first_ration,
          chequers_ecumenical_altar_simple_redux
D:4:      minmay_overflow_temple_star_hex, nicolae_ru_sacrificial_ziggurat
D:5:      minmay_temple_entry_enclosed_plants
D:6:      serial_shops, nicolae_shop_crystal, nicolae_shop_waterfront, shop,
          nicolae_shop_waterfront, shop
D:7:      grunt_livestock
D:8:      serial_shops, nicolae_shop_crystal
D:9:      uniq_erolcha
D:10:     lemuel_ice_spiral_2, david_lair_shrubbed, enter_bailey_3, basic_altar,
          kennysheep_decorative_pillar
Temple:   regret_index_temple_sphere_string
Lair:1:   lemuel_slime, minivault_27, grunt_megastairs_3,
          infiniplex_staircase_pool
Lair:2:   guppyfry_snake_entry_garden, minmay_hedge_maze, lemuel_fruit_tree,
          uniq_sonja
Bailey:   bailey_axe_3, bailey

Skill      XL: |  1  2  3  4  5  6  7  8  9 10 11 12 |
---------------+-------------------------------------+-----
Axes           | 3 4 5 6 8 9 11 12 14 | 14.4
Dodging        | 1 2 3 4 5 7 8 9 |  9.6
Armour         | 4 5 7 8 10 | 10.0
Fighting       | 4 5 7 8 9 10 | 10.0
Evocations     | 1 2 3 |  3.0
Spellcasting   | 1 |  1.0
Hexes          | 1 |  1.0
Invocations    | 2 3 |  3.0
Transmutations | 2 |  2.1
Shields        | |  3.6

Action                   |  1- 3 |  4- 6 |  7- 9 | 10-12 || total
-------------------------+-------+-------+-------+-------++-------
Melee: War axe           |    86 |   112 |   239 |   377 ||   814
       Headbutt          |    13 |    13 |    64 |    96 ||   186
       Mace              |       |       |       |     5 ||     5
       Punch             |       |       |       |     1 ||     1
Invok: Heroism           |       |       |     1 |     1 ||     2
 Abil: Evoke Berserk Rag |       |       |       |     1 ||     1
Evoke: Wand              |       |       |     2 |    23 ||    25
  Use: Scroll            |     7 |    13 |     6 |    10 ||    36
       Potion            |       |     2 |     4 |    19 ||    25
 Stab: Paralysed         |       |       |     5 |     9 ||    14
  Eat: Chunk             |     1 |     6 |     4 |     7 ||    18
       Ration            |       |     1 |     2 |     3 ||     6
Armor: Scale mail        |    48 |     9 |       |       ||    57
       Chain mail        |       |    78 |    53 |       ||   131
       Plate armour      |       |       |    70 |   204 ||   274
       Skin              |       |       |       |     5 ||     5
Dodge: Dodged            |    64 |    45 |    98 |   239 ||   446

Table legend:
 A = Spawn XP
 B = Non-spawn XP
 C = Spawn XP percentage of total XP
 D = Spawn monster count
 E = Non-spawn monster count
 F = Spawn count percentage of total count
 G = Total turns spent on level
                    A         B        C        D         E        F      G
               +---------+---------+-------+---------+---------+-------+---------
         Total |       0 |   22732 |   0.0 |       0 |     302 |   0.0 | 12762
               +---------+---------+-------+---------+---------+-------+---------
           D:1 |       0 |      55 |   0.0 |       0 |      32 |   0.0 |  1037
           D:2 |       0 |      71 |   0.0 |       0 |      20 |   0.0 |   603
           D:3 |       0 |     303 |   0.0 |       0 |      34 |   0.0 |   877
           D:4 |       0 |     157 |   0.0 |       0 |      14 |   0.0 |   977
           D:5 |       0 |     640 |   0.0 |       0 |      21 |   0.0 |  1065
           D:6 |       0 |     380 |   0.0 |       0 |       9 |   0.0 |   781
           D:7 |       0 |    2992 |   0.0 |       0 |      33 |   0.0 |  1217
           D:8 |       0 |    1281 |   0.0 |       0 |      22 |   0.0 |   631
           D:9 |       0 |    1932 |   0.0 |       0 |      17 |   0.0 |   593
          D:10 |       0 |    4402 |   0.0 |       0 |      26 |   0.0 |  1607
        Lair:1 |       0 |    8408 |   0.0 |       0 |      53 |   0.0 |  2470
        Lair:2 |       0 |    1688 |   0.0 |       0 |       8 |   0.0 |   472
        Bailey |       0 |     423 |   0.0 |       0 |      13 |   0.0 |   287
               +---------+---------+-------+---------+---------+-------+---------
